Map: Iron Fortress LE (Void)

Players

VapouR

  • Race: Zerg Zerg

AgCl - Winner!

  • Race: Protoss Protoss

VOD

Have the link to the VOD?

Description

Time

  • Played on: May 1, 2015, 7:11 p.m.
  • Length: 15:15
Show
View Real Time Build Order
Export as new Build Order

VapouR Zerg 

Build Orders: Hatch First 

Get SALT Encoding   

  12  0:01  Drone  
  13  0:12  Overlord  
  13  0:17  Drone  
  14  0:30  Drone  
  14  0:31  Drone  
  14  0:35  Drone  
  17  0:54  Hatchery  
  17  0:56  Drone  
  17  1:00  Extractor  
  16  1:04  Drone  
  17  1:17  Spawning Pool  
  16  1:20  Drone  
  17  1:26  Drone  
  17  1:29  Drone  
  19  1:38  Overlord  
  19  1:49  Drone  
  20  2:04  Queen  
  20  2:07  Queen  
  24  2:08  Zergling x2  
  24  2:10  Zergling x2  
  26  2:23  Spine Crawler  
  26  2:27  Zergling x4  
  27  2:34  Zergling x2  
  27  2:35  Zergling x2  
  28  2:47  Zergling x6  
  28  3:00  Spine Crawler  
  28  3:15  Drone x6  
  34  3:22  Hatchery  
  33  3:30  Burrow, Extractor  
  32  3:43  Roach Warren  
  32  3:46  Overlord  
  31  3:58  Overlord  
  31  4:28  Roach x7  
  45  4:34  Roach  
  49  4:38  Roach  
  49  4:42  Roach  
  48  5:03  Roach x3  
  48  5:04  Overlord  
  51  5:23  Roach  
  53  5:35  Overlord x2  
  53  5:42  Drone, Overlord  
  54  5:56  Roach x2  
  48  6:04  Spore Crawler  
  48  6:06  Drone x7  
  48  6:17  Roach x2, Queen  
  49  6:39  Roach  
  51  6:40  Roach x2  
  49  6:54  Roach  
  41  7:14  Roach x6  
  35  7:19  Roach x5  
  35  7:20  Roach x2  
  35  7:21  Roach  
  20  7:59  Queen  
  20  8:00  Drone  
  20  8:01  Drone x2  
  25  8:11  Hatchery  
  25  8:12  Drone  
  25  8:26  Drone  
  26  8:28  Spore Crawler  
  26  8:30  Spore Crawler  
  26  8:34  Drone  
  25  8:41  Queen  
  28  8:48  Drone  
  29  8:59  Drone  
  30  9:09  Drone  
  31  9:10  Drone x2  
  33  9:17  Spore Crawler  
  33  9:23  Drone  
  33  9:24  Drone  
  34  9:38  Lair  
  34  10:10  Roach x2  
  34  10:18  Spore Crawler  
  29  10:49  Hatchery  
  28  10:53  Spire  
  27  11:09  Overlord x2  
  27  11:58  Extractor  
  26  12:01  Extractor  
  26  12:04  Mutalisk  
  26  12:05  Mutalisk x4  
  35  12:10  Mutalisk  
  37  12:19  Mutalisk  
  39  12:27  Mutalisk  
  41  12:37  Mutalisk  
  38  12:45  Drone  
  39  13:02  Mutalisk  
  40  13:07  Drone  
  37  13:38  Drone  
  37  13:39  Drone x2  
  36  13:53  Drone  
  37  14:04  Drone  
  37  14:12  Mutalisk  
  37  14:15  Drone  
  38  14:17  Drone x2  
  38  14:34  Roach  
  38  14:39  Drone  
Show
View Real Time Build Order
Export as new Build Order

AgCl Protoss - Winner!

Build Orders:  

Get SALT Encoding   

  12  0:02  Probe  
  13  0:18  Probe, Pylon  
  14  0:36  Probe  
  15  0:48  Probe (Chrono Boost)  
  15  0:49  Forge  
  16  0:56  Assimilator  
  16  1:00  Probe (Chrono Boost)  
  17  1:08  Probe (Chrono Boost)  
  18  1:17  Probe (Chrono Boost)  
  19  1:29  Probe (Chrono Boost)  
  19  1:32  Pylon  
  20  1:36  Probe (Chrono Boost)  
  21  1:46  Probe  
  22  1:51  Gateway, Photon Cannon  
  22  1:59  Probe  
  22  2:00  Gateway  
  23  2:05  Pylon  
  23  2:09  Pylon  
  23  2:12  Photon Cannon  
  23  2:28  Pylon  
  23  2:30  Probe (Chrono Boost)  
  23  2:34  Assimilator  
  24  2:37  Pylon  
  24  2:38  Pylon  
  24  2:41  Probe (Chrono Boost)  
  24  2:43  Photon Cannon  
  25  2:47  Probe (Chrono Boost)  
  28  2:51  Zealot (Chrono Boost)  
  27  3:08  Probe  
  27  3:16  Cybernetics Core  
  27  3:20  Probe, Zealot (Chrono Boost)  
  27  3:26  Protoss Ground Weapons Level 1 (Chrono Boost)  
  30  3:32  Probe  
  31  3:45  Probe (Chrono Boost)  
  32  3:57  Mothership Core (Chrono Boost)  
  32  4:00  Stargate  
  32  4:02  Pylon, Warp Gate (Chrono Boost)  
  34  4:08  Zealot  
  36  4:12  Probe  
  36  4:40  Nexus  
  36  4:42  Pylon  
  36  4:52  Oracle (Chrono Boost)  
  36  5:00  Probe  
  37  5:09  Photon Cannon  
  37  5:10  Pylon  
  33  5:34  Gateway  
  33  5:35  Gateway  
  32  5:43  Void Ray (Chrono Boost)  
  32  5:45  Probe  
  37  5:57  Probe  
  38  6:27  Nexus  
  38  6:28  Void Ray (Chrono Boost)  
  38  6:29  Pylon  
  42  6:38  Protoss Air Weapons Level 1  
  40  6:42  Stalker  
  40  6:43  Stalker  
  40  6:44  Gateway  
  40  6:46  Pylon  
  30  7:21  Zealot x2  
  32  7:30  Probe (Chrono Boost)  
  27  7:58  Photon Cannon  
  27  8:00  Probe (Chrono Boost)  
  28  8:10  Probe (Chrono Boost)  
  29  8:17  Probe  
  30  8:42  Probe  
  31  9:08  Void Ray (Chrono Boost)  
  35  9:14  Probe (Chrono Boost)  
  36  9:23  Probe (Chrono Boost)  
  37  9:26  Pylon  
  37  9:31  Probe  
  38  9:39  Robotics Facility  
  38  9:41  Pylon  
  38  9:45  Pylon  
  38  10:05  Probe, Twilight Council  
  39  10:15  Photon Cannon  
  39  10:16  Gateway  
  39  10:39  Pylon  
  39  10:45  Nexus  
  39  10:51  Observer (Chrono Boost)  
  39  10:52  Protoss Ground Weapons Level 2  
  40  11:06  Observer (Chrono Boost)  
  41  11:25  Probe (Chrono Boost)  
  42  11:27  Assimilator  
  42  11:32  Assimilator  
  42  11:46  Probe (Chrono Boost)  
  44  12:01  Probe (Chrono Boost)  
  44  12:03  Probe (Chrono Boost)  
  45  12:10  Probe (Chrono Boost)  
  45  12:12  Probe (Chrono Boost)  
  47  12:21  Probe  
  48  12:41  Zealot  
  48  12:42  Stalker, Zealot  
  54  12:49  Zealot  
  56  13:01  Charge (Chrono Boost)  
  56  13:15  Stalker  
  54  13:21  Phoenix (Chrono Boost)  
  55  13:39  Phoenix (Chrono Boost)  
  55  13:50  Stalker  
  57  14:02  Stargate  
  57  14:03  Pylon  
  57  14:11  Phoenix (Chrono Boost)  
  55  14:27  Fleet Beacon  
  55  14:28  Probe  
  57  14:35  Dark Shrine  
  56  14:50  Photon Cannon  
Tags
 
Add a new tag
Caveats
  • Supply blocks, unpowered buildings, or Contaminate may cause inaccurate times.
  • Supply counts are checked every 10 seconds.